Workbook

Sheet 法非適用_観光施設・休養宿泊施設事業
B2: 経営比較分析表（令和6年度決算）
B6: =データ!H6&" "&データ!I6 -> 広島県呉市 野呂高原ロッジ
B7: 業務名 | AQ7: 業種名 | CF7: 事業名 | DU7: 類似施設区分 | FJ7: 管理者の情報 | IC7: 客単価(円) | JV7: 指定管理者制度の導入 | LO7: インターネットによる予約割合(％) | NI7: グラフ凡例
B8: =データ!J7 -> 法非適用 | AQ8: =データ!K7 -> 観光施設事業 | CF8: =データ!L7 -> 休養宿泊施設 | DU8: =データ!M7 -> Ａ１Ｂ２ | FJ8: =データ!N7 -> 非設置 | IC8: =データ!S7 -> 8384 | JV8: =データ!T7 -> 利用料金制 | LO8: =データ!U7 -> 31.6 | NI8: ■ | NK8: 当該施設値（当該値）
B9: 資金不足比率(％) | AQ9: 自己資本構成比率(％) | CF9: 建物延面積(㎡) | DU9: 宿泊定員数(人) | IC9: バリアフリー法の基準適合性 | JV9: トイレ洋式化率(％) | LO9: Wi-Fi設置 | NI9: － | NK9: 類似施設平均値（平均値）
B10: =データ!O7 -> 該当数値なし | AQ10: =データ!P7 -> 該当数値なし | CF10: =データ!Q7 -> 2215 | DU10: =データ!R7 -> 81 | IC10: =データ!V7 -> 無 | JV10: =データ!W7 -> 21.7 | LO10: =データ!X7 -> 有 | NI10: 【】 | NK10: 令和6年度全国平均
NI11: 分析欄
H14: 1.収益等の状況 | JT14: 3.利用の状況 | NI14: 1. 収益等の状況について
NI15: 他会計補助金比率は減少傾向であり，一定程度の利用料金収入はあるものの，施設の規模や老朽化に伴い，施設の維持のために多くの経費を要し，その不足分を一般会計からの繰入金によって充当する状況になっている。 平成３０年豪雨災害の影響により林道郷原野呂山線が令和４年度末まで通行不能になっていたことに加え，令和元年度末からの新型コロナウイルス感染症拡大の影響により，休館や営業縮小を余儀なくされたため，定員稼働率は減少。令和４年度からは回復傾向であったが，令和６年度では微減。 営業収益は減少傾向であるため，経営の改善だけでなく運営面・施設面等も抜本的な取組や見直しを図る必要がある。 ※誤り ⑥売上高GOP比率 R02 103.0→△103.0
R30: =データ!$B$11 -> R02 | AF30: =データ!$C$11 -> R03 | AT30: =データ!$D$11 -> R04 | BH30: =データ!$E$11 -> R05 | BV30: =データ!$F$11 -> R06 | DF30: =データ!$B$11 -> R02 | DT30: =データ!$C$11 -> R03 | EH30: =データ!$D$11 -> R04 | EV30: =データ!$E$11 -> R05 | FJ30: =データ!$F$11 -> R06 | GT30: =データ!$B$11 -> R02 | HH30: =データ!$C$11 -> R03 | HV30: =データ!$D$11 -> R04 | IJ30: =データ!$E$11 -> R05 | IX30: =データ!$F$11 -> R06
I31: 当該値 | R31: =データ!Y7 -> 102.5 | AF31: =データ!Z7 -> 110.9 | AT31: =データ!AA7 -> 105 | BH31: =データ!AB7 -> 101.2 | BV31: =データ!AC7 -> 103.3 | CW31: 当該値 | DF31: =データ!AJ7 -> 53.3 | DT31: =データ!AK7 -> 55.9 | EH31: =データ!AL7 -> 44.8 | EV31: =データ!AM7 -> 33.9 | FJ31: =データ!AN7 -> 27.2 | GK31: 当該値 | GT31: =データ!AU7 -> 13864 | HH31: =データ!AV7 -> 17147 | HV31: =データ!AW7 -> 9912 | IJ31: =データ!AX7 -> 6374 | IX31: =データ!AY7 -> 7321 | NI31: 2. 資産等の状況について
I32: 平均値 | R32: =データ!AD7 -> 96.8 | AF32: =データ!AE7 -> 94 | AT32: =データ!AF7 -> 98.4 | BH32: =データ!AG7 -> 102.5 | BV32: =データ!AH7 -> 95.3 | CW32: 平均値 | DF32: =データ!AO7 -> 47.8 | DT32: =データ!AP7 -> 27.2 | EH32: =データ!AQ7 -> 23.7 | EV32: =データ!AR7 -> 26.4 | FJ32: =データ!AS7 -> 24 | GK32: 平均値 | GT32: =データ!AZ7 -> 63431 | HH32: =データ!BA7 -> 541785 | HV32: =データ!BB7 -> 5910 | IJ32: =データ!BC7 -> 6101 | IX32: =データ!BD7 -> 9063 | NI32: 建築から５７年が経過し，現状の施設を維持するためには多額の設備投資が不可欠な状況である。 運営における固定費の割合も高く，老朽化した現状の施設を管理するために多額の経費が必要となっており，利用者の減少と併せ，収益性の減少という状況につながっているものと考えられる。 今後，経営の改善だけでなく，計画的な施設の集約化等について検討する必要がある。
NI48: 3. 利用の状況について
NI49: 瀬戸内沿岸部の高原型リゾートとしての特色を持ち，地元住民の利用が多い施設であるが，宿泊客数動向は下降傾向である。利用者の確保に向けた営業面の改善だけでなく，新たな取組が必要になっている。
R52: =データ!$B$11 -> R02 | AF52: =データ!$C$11 -> R03 | AT52: =データ!$D$11 -> R04 | BH52: =データ!$E$11 -> R05 | BV52: =データ!$F$11 -> R06 | DF52: =データ!$B$11 -> R02 | DT52: =データ!$C$11 -> R03 | EH52: =データ!$D$11 -> R04 | EV52: =データ!$E$11 -> R05 | FJ52: =データ!$F$11 -> R06 | GT52: =データ!$B$11 -> R02 | HH52: =データ!$C$11 -> R03 | HV52: =データ!$D$11 -> R04 | IJ52: =データ!$E$11 -> R05 | IX52: =データ!$F$11 -> R06 | KH52: =データ!$B$11 -> R02 | KV52: =データ!$C$11 -> R03 | LJ52: =データ!$D$11 -> R04 | LX52: =データ!$E$11 -> R05 | ML52: =データ!$F$11 -> R06
I53: 当該値 | R53: =データ!BF7 -> 11.7 | AF53: =データ!BG7 -> 8.5 | AT53: =データ!BH7 -> 13.5 | BH53: =データ!BI7 -> 18.3 | BV53: =データ!BJ7 -> 17.1 | CW53: 当該値 | DF53: =データ!BQ7 -> 92.2 | DT53: =データ!BR7 -> 82.5 | EH53: =データ!BS7 -> 70 | EV53: =データ!BT7 -> 60.2 | FJ53: =データ!BU7 -> 40 | GK53: 当該値 | GT53: =データ!CB7 -> 103 | HH53: =データ!CC7 -> -81.7 | HV53: =データ!CD7 -> -66.1 | IJ53: =データ!CE7 -> -48.5 | IX53: =データ!CF7 -> -31.3 | JY53: 当該値 | KH53: =データ!CM7 -> -45851 | KV53: =データ!CN7 -> -34638 | LJ53: =データ!CO7 -> -35221 | LX53: =データ!CP7 -> -33290 | ML53: =データ!CQ7 -> -32477
I54: 平均値 | R54: =データ!BK7 -> 5.1 | AF54: =データ!BL7 -> 14.6 | AT54: =データ!BM7 -> 18.6 | BH54: =データ!BN7 -> 19.8 | BV54: =データ!BO7 -> 20.1 | CW54: 平均値 | DF54: =データ!BV7 -> 100.4 | DT54: =データ!BW7 -> 273.4 | EH54: =データ!BX7 -> 255.5 | EV54: =データ!BY7 -> 39.4 | FJ54: =データ!BZ7 -> 40.7 | GK54: 平均値 | GT54: =データ!CG7 -> -152.6 | HH54: =データ!CH7 -> -62.5 | HV54: =データ!CI7 -> -110.4 | IJ54: =データ!CJ7 -> -94.5 | IX54: =データ!CK7 -> -116 | JY54: 平均値 | KH54: =データ!CR7 -> 583147 | KV54: =データ!CS7 -> -24727 | LJ54: =データ!CT7 -> -21071 | LX54: =データ!CU7 -> -18563 | ML54: =データ!CV7 -> -25061
H60: 2.資産等の状況
CU63: ⑨施設の資産価値(千円)
NI65: 全体総括
NI66: 地域における唯一の高原型リゾートエリアである野呂山の観光施設の中核的な施設である。 建設から５７年が経過しているものの，一年を通じて一定の利用者がある一方で，運営に伴う人件費等の経費負担の固定化，さらには，施設の老朽化に伴う修繕費の増加で，一般会計からの繰入金も増加することが予想される。 現状では，大幅な利用者の増加は見込めない中，施設を維持していくために野呂山各施設の機能を集約し，民間のノウハウを活用することで，利用者のニーズに沿ったサービスの提供と，費用の削減や収益性を高める運営方法について抜本的な見直しを図る必要がある。
CU67: =データ!DI6 -> 0
CU72: ⑩設備投資見込額(千円)
R76: =データ!$B$11 -> R02 | AF76: =データ!$C$11 -> R03 | AT76: =データ!$D$11 -> R04 | BH76: =データ!$E$11 -> R05 | BV76: =データ!$F$11 -> R06 | CU76: =データ!DJ6 -> 0 | GT76: =データ!$B$11 -> R02 | HH76: =データ!$C$11 -> R03 | HV76: =データ!$D$11 -> R04 | IJ76: =データ!$E$11 -> R05 | IX76: =データ!$F$11 -> R06 | KH76: =データ!$B$11 -> R02 | KV76: =データ!$C$11 -> R03 | LJ76: =データ!$D$11 -> R04 | LX76: =データ!$E$11 -> R05 | ML76: =データ!$F$11 -> R06
I77: 当該値 | R77: =データ!CX7 | AF77: =データ!CY7 | AT77: =データ!CZ7 | BH77: =データ!DA7 | BV77: =データ!DB7 | GK77: 当該値 | GT77: =データ!DK7 | HH77: =データ!DL7 | HV77: =データ!DM7 | IJ77: =データ!DN7 | IX77: =データ!DO7 | JY77: 当該値 | KH77: =データ!DV7 -> 0 | KV77: =データ!DW7 -> 0 | LJ77: =データ!DX7 -> 0 | LX77: =データ!DY7 -> 0 | ML77: =データ!DZ7 -> 0
I78: 平均値 | R78: =データ!DC7 | AF78: =データ!DD7 | AT78: =データ!DE7 | BH78: =データ!DF7 | BV78: =データ!DG7 | GK78: 平均値 | GT78: =データ!DP7 | HH78: =データ!DQ7 | HV78: =データ!DR7 | IJ78: =データ!DS7 | IX78: =データ!DT7 | JY78: 平均値 | KH78: =データ!EA7 -> 330.8 | KV78: =データ!EB7 -> 11.2 | LJ78: =データ!EC7 -> 7.9 | LX78: =データ!ED7 -> 6.9 | ML78: =データ!EE7 -> 4.2
B86: 全国平均
B87: ① | C87: ② | D87: ③ | E87: ④ | F87: ⑤ | G87: ⑥ | H87: ⑦ | I87: ⑧ | J87: ⑨ | K87: ⑩ | L87: ⑪ | M87: ⑫
B88: =データ!AI6 -> 【142.4】 | C88: =データ!AT6 -> 【74.3】 | D88: =データ!BE6 -> 【39,956】 | E88: =データ!BP6 -> 【17.7】 | F88: =データ!CA6 -> 【43.6】 | G88: =データ!CL6 -> 【△78.9】 | H88: =データ!CW6 -> 【△15,622】 | I88: =データ!DH6 | J88: - | K88: - | L88: =データ!DU6 | M88: =データ!EF6 -> 【22.3】 | N88: =データ!EF6 -> 【22.3】

Sheet データ
A1: 観光施設事業（休養宿泊施設）(法非適) | Y1: 1 | Z1: 1 | AA1: 1 | AB1: 1 | AC1: 1 | AD1: 1 | AE1: 1 | AF1: 1 | AG1: 1 | AH1: 1 | AJ1: 1 | AK1: 1 | AL1: 1 | AM1: 1 | AN1: 1 | AO1: 1 | AP1: 1 | AQ1: 1 | AR1: 1 | AS1: 1 | AU1: 1 | AV1: 1 | AW1: 1 | AX1: 1 | AY1: 1 | AZ1: 1 | BA1: 1 | BB1: 1 | BC1: 1 | BD1: 1 | BF1: 1 | BG1: 1 | BH1: 1 | BI1: 1 | BJ1: 1 | BK1: 1 | BL1: 1 | BM1: 1 | BN1: 1 | BO1: 1 | BQ1: 1 | BR1: 1 | BS1: 1 | BT1: 1 | BU1: 1 | BV1: 1 | BW1: 1 | BX1: 1 | BY1: 1 | BZ1: 1 | CB1: 1 | CC1: 1 | CD1: 1 | CE1: 1 | CF1: 1 | CG1: 1 | CH1: 1 | CI1: 1 | CJ1: 1 | CK1: 1 | CM1: 1 | CN1: 1 | CO1: 1 | CP1: 1 | CQ1: 1 | CR1: 1 | CS1: 1 | CT1: 1 | CU1: 1 | CV1: 1 | CX1: 1 | CY1: 1 | CZ1: 1 | DA1: 1 | DB1: 1 | DC1: 1 | DD1: 1 | DE1: 1 | DF1: 1 | DG1: 1 | DK1: 1 | DL1: 1 | DM1: 1 | DN1: 1 | DO1: 1 | DP1: 1 | DQ1: 1 | DR1: 1 | DS1: 1 | DT1: 1 | DV1: 1 | DW1: 1 | DX1: 1 | DY1: 1 | DZ1: 1 | EA1: 1 | EB1: 1 | EC1: 1 | ED1: 1 | EE1: 1 | EG1: 1 | EH1: 1 | EI1: 1 | EJ1: 1 | EK1: 1 | EL1: 1 | EM1: 1 | EN1: 1 | EO1: 1 | EP1: 1
A2: 項番 | B2: =COLUMN()-1 -> 1 | C2: =COLUMN()-1 -> 2 | D2: =COLUMN()-1 -> 3 | E2: =COLUMN()-1 -> 4 | F2: =COLUMN()-1 -> 5 | G2: =COLUMN()-1 -> 6 | H2: =COLUMN()-1 -> 7 | I2: =COLUMN()-1 -> 8 | ... EP2: =COLUMN()-1 -> 145
A3: 大項目 | B3: 年度 | C3: 団体CD | D3: 業務CD | E3: 業種CD | F3: 事業CD | G3: 施設CD | H3: 基本情報 | Y3: 1. 収益等の状況 | CX3: 2. 資産等の状況 | EG3: 3.利用の状況
A4: 中項目 | Y4: ①法：経常収支比率、非：収益的収支比率(％) | AJ4: ②他会計補助金比率(％) | AU4: ③宿泊者一人当たりの他会計補助金額(円) | BF4: ④定員稼働率(％) | BQ4: ⑤売上高人件費比率(％) | CB4: ⑥売上高ＧＯＰ比率(％) | CM4: ⑦ＥＢＩＴＤＡ(千円) | CX4: ⑧有形固定資産減価償却率(％) | DI4: ⑨施設の 資産価値(千円) | DJ4: ⑩設備投資 見込額(千円) | DK4: ⑪累積欠損金比率(％) | DV4: ⑫企業債残高対料金収入比率(％) | EG4: ⑬施設と周辺地域の宿泊客数動向
A5: 小項目 | H5: 団体名 | I5: 施設名称 | J5: 業務名称 | K5: 業種名称 | L5: 事業名称 | M5: 類似施設区分 | N5: 管理者の情報 | O5: 資金不足比率 | P5: 自己資本構成比率 | Q5: 建物延面積 | R5: 宿泊定員数 | S5: 実質客単価 | T5: 指定管理者制度の導入 | U5: インターネットによる予約割合 | V5: バリアフリー法の基準適合性 | W5: トイレ洋式化率 | X5: Wi-Fi設置 | Y5: 当該値(N-4) | Z5: 当該値(N-3) | AA5: 当該値(N-2) | AB5: 当該値(N-1) | AC5: 当該値(N) | AD5: 類似施設平均(N-4) | AE5: 類似施設平均(N-3) | AF5: 類似施設平均(N-2) | AG5: 類似施設平均(N-1) | AH5: 類似施設平均(N) | AI5: 全国平均 | AJ5: 当該値(N-4) | AK5: 当該値(N-3) | AL5: 当該値(N-2) | AM5: 当該値(N-1) | AN5: 当該値(N) | AO5: 類似施設平均(N-4) | AP5: 類似施設平均(N-3) | AQ5: 類似施設平均(N-2) | AR5: 類似施設平均(N-1) | AS5: 類似施設平均(N) | AT5: 全国平均 | AU5: 当該値(N-4) | AV5: 当該値(N-3) | AW5: 当該値(N-2) | AX5: 当該値(N-1) | AY5: 当該値(N) | AZ5: 類似施設平均(N-4) | BA5: 類似施設平均(N-3) | BB5: 類似施設平均(N-2) | BC5: 類似施設平均(N-1) | BD5: 類似施設平均(N) | BE5: 全国平均 | BF5: 当該値(N-4) | BG5: 当該値(N-3) | BH5: 当該値(N-2) | BI5: 当該値(N-1) | BJ5: 当該値(N) | BK5: 類似施設平均(N-4) | BL5: 類似施設平均(N-3) | BM5: 類似施設平均(N-2) | BN5: 類似施設平均(N-1) | BO5: 類似施設平均(N) | BP5: 全国平均 | BQ5: 当該値(N-4) | BR5: 当該値(N-3) | BS5: 当該値(N-2) | BT5: 当該値(N-1) | BU5: 当該値(N) | BV5: 類似施設平均(N-4) | BW5: 類似施設平均(N-3) | BX5: 類似施設平均(N-2) | BY5: 類似施設平均(N-1) | BZ5: 類似施設平均(N) | CA5: 全国平均 | CB5: 当該値(N-4) | CC5: 当該値(N-3) | CD5: 当該値(N-2) | CE5: 当該値(N-1) | CF5: 当該値(N) | CG5: 類似施設平均(N-4) | CH5: 類似施設平均(N-3) | CI5: 類似施設平均(N-2) | CJ5: 類似施設平均(N-1) | CK5: 類似施設平均(N) | CL5: 全国平均 | CM5: 当該値(N-4) | CN5: 当該値(N-3) | CO5: 当該値(N-2) | CP5: 当該値(N-1) | CQ5: 当該値(N) | CR5: 類似施設平均(N-4) | CS5: 類似施設平均(N-3) | CT5: 類似施設平均(N-2) | CU5: 類似施設平均(N-1) | CV5: 類似施設平均(N) | CW5: 全国平均 | CX5: 当該値(N-4) | CY5: 当該値(N-3) | CZ5: 当該値(N-2) | DA5: 当該値(N-1) | DB5: 当該値(N) | DC5: 類似施設平均(N-4) | DD5: 類似施設平均(N-3) | DE5: 類似施設平均(N-2) | DF5: 類似施設平均(N-1) | DG5: 類似施設平均(N) | DH5: 全国平均 | DK5: 当該値(N-4) | DL5: 当該値(N-3) | DM5: 当該値(N-2) | DN5: 当該値(N-1) | DO5: 当該値(N) | DP5: 類似施設平均(N-4) | DQ5: 類似施設平均(N-3) | DR5: 類似施設平均(N-2) | DS5: 類似施設平均(N-1) | DT5: 類似施設平均(N) | DU5: 全国平均 | DV5: 当該値(N-4) | DW5: 当該値(N-3) | DX5: 当該値(N-2) | DY5: 当該値(N-1) | DZ5: 当該値(N) | EA5: 類似施設平均(N-4) | EB5: 類似施設平均(N-3) | EC5: 類似施設平均(N-2) | ED5: 類似施設平均(N-1) | EE5: 類似施設平均(N) | EF5: 全国平均 | EG5: 公営企業(N-4) | EH5: 公営企業(N-3) | EI5: 公営企業(N-2) | EJ5: 公営企業(N-1) | EK5: 公営企業(N) | EL5: 市町村(N-4) | EM5: 市町村(N-3) | EN5: 市町村(N-2) | EO5: 市町村(N-1) | EP5: 市町村(N)
A6: グラフ参照用 | B6: =B8 -> 2024 | C6: =C8 -> 342025 | D6: =D8 -> 47 | E6: =E8 -> 11 | F6: =F8 -> 1 | G6: =G8 -> 1 | H6: =SUBSTITUTE(H8," ","") -> 広島県呉市 | I6: =I8 -> 野呂高原ロッジ | J6: =J8 -> 法非適用 | K6: =K8 -> 観光施設事業 | L6: =L8 -> 休養宿泊施設 | M6: =M8 -> Ａ１Ｂ２ | N6: =N8 -> 非設置 | O6: =O8 -> 該当数値なし | P6: =P8 -> 該当数値なし | ... X6: =X8 -> 有 | Y6: =IF(Y8="-",NA(),Y8) -> 102.5 | Z6: =IF(Z8="-",NA(),Z8) -> 110.9 | AA6: =IF(AA8="-",NA(),AA8) -> 105 | AB6: =IF(AB8="-",NA(),AB8) -> 101.2 | AC6: =IF(AC8="-",NA(),AC8) -> 103.3 | AD6: =IF(AD8="-",NA(),AD8) -> 96.8 | AE6: =IF(AE8="-",NA(),AE8) -> 94 | AF6: =IF(AF8="-",NA(),AF8) -> 98.4 | ... AH6: =IF(AH8="-",NA(),AH8) -> 95.3 | AI6: =IF(AI8="-","【-】","【"&SUBSTITUTE(TEXT(AI8,"#,##0.0"),"-","△")&"】") -> 【142.4】 | AJ6: =IF(AJ8="-",NA(),AJ8) -> 53.3 | AK6: =IF(AK8="-",NA(),AK8) -> 55.9 | AL6: =IF(AL8="-",NA(),AL8) -> 44.8 | AM6: =IF(AM8="-",NA(),AM8) -> 33.9 | AN6: =IF(AN8="-",NA(),AN8) -> 27.2 | AO6: =IF(AO8="-",NA(),AO8) -> 47.8 | AP6: =IF(AP8="-",NA(),AP8) -> 27.2 | AQ6: =IF(AQ8="-",NA(),AQ8) -> 23.7 | ... AS6: =IF(AS8="-",NA(),AS8) -> 24 | AT6: =IF(AT8="-","【-】","【"&SUBSTITUTE(TEXT(AT8,"#,##0.0"),"-","△")&"】") -> 【74.3】 | AU6: =IF(AU8="-",NA(),AU8) -> 13864 | AV6: =IF(AV8="-",NA(),AV8) -> 17147 | AW6: =IF(AW8="-",NA(),AW8) -> 9912 | AX6: =IF(AX8="-",NA(),AX8) -> 6374 | AY6: =IF(AY8="-",NA(),AY8) -> 7321 | AZ6: =IF(AZ8="-",NA(),AZ8) -> 63431 | BA6: =IF(BA8="-",NA(),BA8) -> 541785 | BB6: =IF(BB8="-",NA(),BB8) -> 5910 | ... BD6: =IF(BD8="-",NA(),BD8) -> 9063 | BE6: =IF(BE8="-","【-】","【"&SUBSTITUTE(TEXT(BE8,"#,##0"),"-","△")&"】") -> 【39,956】 | BF6: =IF(BF8="-",NA(),BF8) -> 11.7 | BG6: =IF(BG8="-",NA(),BG8) -> 8.5 | BH6: =IF(BH8="-",NA(),BH8) -> 13.5 | BI6: =IF(BI8="-",NA(),BI8) -> 18.3 | BJ6: =IF(BJ8="-",NA(),BJ8) -> 17.1 | BK6: =IF(BK8="-",NA(),BK8) -> 5.1 | BL6: =IF(BL8="-",NA(),BL8) -> 14.6 | BM6: =IF(BM8="-",NA(),BM8) -> 18.6 | ... BO6: =IF(BO8="-",NA(),BO8) -> 20.1 | BP6: =IF(BP8="-","【-】","【"&SUBSTITUTE(TEXT(BP8,"#,##0.0"),"-","△")&"】") -> 【17.7】 | BQ6: =IF(BQ8="-",NA(),BQ8) -> 92.2 | BR6: =IF(BR8="-",NA(),BR8) -> 82.5 | BS6: =IF(BS8="-",NA(),BS8) -> 70 | BT6: =IF(BT8="-",NA(),BT8) -> 60.2 | BU6: =IF(BU8="-",NA(),BU8) -> 40 | BV6: =IF(BV8="-",NA(),BV8) -> 100.4 | BW6: =IF(BW8="-",NA(),BW8) -> 273.4 | BX6: =IF(BX8="-",NA(),BX8) -> 255.5 | ... BZ6: =IF(BZ8="-",NA(),BZ8) -> 40.7 | CA6: =IF(CA8="-","【-】","【"&SUBSTITUTE(TEXT(CA8,"#,##0.0"),"-","△")&"】") -> 【43.6】 | CB6: =IF(CB8="-",NA(),CB8) -> 103 | CC6: =IF(CC8="-",NA(),CC8) -> -81.7 | CD6: =IF(CD8="-",NA(),CD8) -> -66.1 | CE6: =IF(CE8="-",NA(),CE8) -> -48.5 | CF6: =IF(CF8="-",NA(),CF8) -> -31.3 | CG6: =IF(CG8="-",NA(),CG8) -> -152.6 | CH6: =IF(CH8="-",NA(),CH8) -> -62.5 | CI6: =IF(CI8="-",NA(),CI8) -> -110.4 | ... CK6: =IF(CK8="-",NA(),CK8) -> -116 | CL6: =IF(CL8="-","【-】","【"&SUBSTITUTE(TEXT(CL8,"#,##0.0"),"-","△")&"】") -> 【△78.9】 | CM6: =IF(CM8="-",NA(),CM8) -> -45851 | CN6: =IF(CN8="-",NA(),CN8) -> -34638 | CO6: =IF(CO8="-",NA(),CO8) -> -35221 | CP6: =IF(CP8="-",NA(),CP8) -> -33290 | CQ6: =IF(CQ8="-",NA(),CQ8) -> -32477 | CR6: =IF(CR8="-",NA(),CR8) -> 583147 | CS6: =IF(CS8="-",NA(),CS8) -> -24727 | CT6: =IF(CT8="-",NA(),CT8) -> -21071 | ... CV6: =IF(CV8="-",NA(),CV8) -> -25061 | CW6: =IF(CW8="-","【-】","【"&SUBSTITUTE(TEXT(CW8,"#,##0"),"-","△")&"】") -> 【△15,622】 | DI6: =DI8 -> 0 | DJ6: =DJ8 -> 0 | DV6: =IF(DV8="-",NA(),DV8) -> 0 | DW6: =IF(DW8="-",NA(),DW8) -> 0 | DX6: =IF(DX8="-",NA(),DX8) -> 0 | DY6: =IF(DY8="-",NA(),DY8) -> 0 | DZ6: =IF(DZ8="-",NA(),DZ8) -> 0 | EA6: =IF(EA8="-",NA(),EA8) -> 330.8 | EB6: =IF(EB8="-",NA(),EB8) -> 11.2 | EC6: =IF(EC8="-",NA(),EC8) -> 7.9 | ... EE6: =IF(EE8="-",NA(),EE8) -> 4.2 | EF6: =IF(EF8="-","【-】","【"&SUBSTITUTE(TEXT(EF8,"#,##0.0"),"-","△")&"】") -> 【22.3】 | EG6: =IF(EG8="-",NA(),EG8) -> 0.0005 | EH6: =IF(EH8="-",NA(),EH8) -> 0.0004 | EI6: =IF(EI8="-",NA(),EI8) -> 0.0005 | EJ6: =IF(EJ8="-",NA(),EJ8) -> 0.0005 | EK6: =IF(EK8="-",NA(),EK8) -> 0.0004 | EL6: =IF(EL8="-",NA(),EL8) -> 0.0553 | EM6: =IF(EM8="-",NA(),EM8) -> 0.0418 | EN6: =IF(EN8="-",NA(),EN8) -> 0.0356 | ... EP6: =IF(EP8="-",NA(),EP8) -> 0.0351
A7: 表参照用 | B7: =B8 -> 2024 | C7: =C8 -> 342025 | D7: =D8 -> 47 | E7: =E8 -> 11 | F7: =F8 -> 1 | G7: =G8 -> 1 | H7: =H8 -> 広島県 呉市 | I7: =I8 -> 野呂高原ロッジ | ... AH7: =AH8 -> 95.3 | AJ7: =AJ8 -> 53.3 | AK7: =AK8 -> 55.9 | AL7: =AL8 -> 44.8 | AM7: =AM8 -> 33.9 | AN7: =AN8 -> 27.2 | AO7: =AO8 -> 47.8 | AP7: =AP8 -> 27.2 | AQ7: =AQ8 -> 23.7 | ... AS7: =AS8 -> 24 | AU7: =AU8 -> 13864 | AV7: =AV8 -> 17147 | AW7: =AW8 -> 9912 | AX7: =AX8 -> 6374 | AY7: =AY8 -> 7321 | AZ7: =AZ8 -> 63431 | BA7: =BA8 -> 541785 | BB7: =BB8 -> 5910 | ... BD7: =BD8 -> 9063 | BF7: =BF8 -> 11.7 | BG7: =BG8 -> 8.5 | BH7: =BH8 -> 13.5 | BI7: =BI8 -> 18.3 | BJ7: =BJ8 -> 17.1 | BK7: =BK8 -> 5.1 | BL7: =BL8 -> 14.6 | BM7: =BM8 -> 18.6 | ... BO7: =BO8 -> 20.1 | BQ7: =BQ8 -> 92.2 | BR7: =BR8 -> 82.5 | BS7: =BS8 -> 70 | BT7: =BT8 -> 60.2 | BU7: =BU8 -> 40 | BV7: =BV8 -> 100.4 | BW7: =BW8 -> 273.4 | BX7: =BX8 -> 255.5 | ... BZ7: =BZ8 -> 40.7 | CB7: =CB8 -> 103 | CC7: =CC8 -> -81.7 | CD7: =CD8 -> -66.1 | CE7: =CE8 -> -48.5 | CF7: =CF8 -> -31.3 | CG7: =CG8 -> -152.6 | CH7: =CH8 -> -62.5 | CI7: =CI8 -> -110.4 | ... CK7: =CK8 -> -116 | CM7: =CM8 -> -45851 | CN7: =CN8 -> -34638 | CO7: =CO8 -> -35221 | CP7: =CP8 -> -33290 | CQ7: =CQ8 -> -32477 | CR7: =CR8 -> 583147 | CS7: =CS8 -> -24727 | CT7: =CT8 -> -21071 | ... CV7: =CV8 -> -25061 | DI7: =DI8 -> 0 | DJ7: =DJ8 -> 0 | DV7: =DV8 -> 0 | DW7: =DW8 -> 0 | DX7: =DX8 -> 0 | DY7: =DY8 -> 0 | DZ7: =DZ8 -> 0 | EA7: =EA8 -> 330.8 | EB7: =EB8 -> 11.2 | EC7: =EC8 -> 7.9 | ... EE7: =EE8 -> 4.2
B8: 2024 | C8: 342025 | D8: 47 | E8: 11 | F8: 1 | G8: 1 | H8: 広島県 呉市 | I8: 野呂高原ロッジ | J8: 法非適用 | K8: 観光施設事業 | L8: 休養宿泊施設 | M8: Ａ１Ｂ２ | N8: 非設置 | O8: 該当数値なし | P8: 該当数値なし | Q8: 2215 | R8: 81 | S8: 8384 | T8: 利用料金制 | U8: 31.6 | V8: 無 | W8: 21.7 | X8: 有 | Y8: 102.5 | Z8: 110.9 | AA8: 105 | AB8: 101.2 | AC8: 103.3 | AD8: 96.8 | AE8: 94 | AF8: 98.4 | AG8: 102.5 | AH8: 95.3 | AI8: 142.4 | AJ8: 53.3 | AK8: 55.9 | AL8: 44.8 | AM8: 33.9 | AN8: 27.2 | AO8: 47.8 | AP8: 27.2 | AQ8: 23.7 | AR8: 26.4 | AS8: 24 | AT8: 74.3 | AU8: 13864 | AV8: 17147 | AW8: 9912 | AX8: 6374 | AY8: 7321 | AZ8: 63431 | BA8: 541785 | BB8: 5910 | BC8: 6101 | BD8: 9063 | BE8: 39956 | BF8: 11.7 | BG8: 8.5 | BH8: 13.5 | BI8: 18.3 | BJ8: 17.1 | BK8: 5.1 | BL8: 14.6 | BM8: 18.6 | BN8: 19.8 | BO8: 20.1 | BP8: 17.7 | BQ8: 92.2 | BR8: 82.5 | BS8: 70 | BT8: 60.2 | BU8: 40 | BV8: 100.4 | BW8: 273.4 | BX8: 255.5 | BY8: 39.4 | BZ8: 40.7 | CA8: 43.6 | CB8: 103 | CC8: -81.7 | CD8: -66.1 | CE8: -48.5 | CF8: -31.3 | CG8: -152.6 | CH8: -62.5 | CI8: -110.4 | CJ8: -94.5 | CK8: -116 | CL8: -78.9 | CM8: -45851 | CN8: -34638 | CO8: -35221 | CP8: -33290 | CQ8: -32477 | CR8: 583147 | CS8: -24727 | CT8: -21071 | CU8: -18563 | CV8: -25061 | CW8: -15622 | CX8: - | CY8: - | CZ8: - | DA8: - | DB8: - | DC8: - | DD8: - | DE8: - | DF8: - | DG8: - | DH8: - | DI8: 0 | DJ8: 0 | DK8: - | DL8: - | DM8: - | DN8: - | DO8: - | DP8: - | DQ8: - | DR8: - | DS8: - | DT8: - | DU8: - | DV8: 0 | DW8: 0 | DX8: 0 | DY8: 0 | DZ8: 0 | EA8: 330.8 | EB8: 11.2 | EC8: 7.9 | ED8: 6.9 | EE8: 4.2 | EF8: 22.3 | EG8: 0.0005 | EH8: 0.0004 | EI8: 0.0005 | EJ8: 0.0005 | EK8: 0.0004 | EL8: 0.0553 | EM8: 0.0418 | EN8: 0.0356 | EO8: 0.0327 | EP8: 0.0351
B10: Ｎ－４年度 | C10: Ｎ－３年度 | D10: Ｎ－２年度 | E10: Ｎ－１年度 | F10: Ｎ年度
A11: 年度 | B11: =IF(VALUE($B$6)=0,"",IF(VALUE($B$6)>2022,"R"&TEXT(VALUE($B$6)-2022,"00"),"H"&VALUE($B$6)-1992)) -> R02 | C11: =IF(VALUE($B$6)=0,"",IF(VALUE($B$6)>2021,"R"&TEXT(VALUE($B$6)-2021,"00"),"H"&VALUE($B$6)-1991)) -> R03 | D11: =IF(VALUE($B$6)=0,"",IF(VALUE($B$6)>2020,"R"&TEXT(VALUE($B$6)-2020,"00"),"H"&VALUE($B$6)-1990)) -> R04 | E11: =IF(VALUE($B$6)=0,"",IF(VALUE($B$6)>2019,"R"&TEXT(VALUE($B$6)-2019,"00"),"H"&VALUE($B$6)-1989)) -> R05 | F11: =IF(VALUE($B$6)=0,"",IF(VALUE($B$6)>2018,"R"&TEXT(VALUE($B$6)-2018,"00"),"H"&VALUE($B$6)-1988)) -> R06
